 Dungeon Crawl Stone Soup version 0.28.0 (webtiles) character file.

Game seed: 13525227960070185594

114 crazypyro the Cudgeller (level 4, -1/48 HPs)
             Began as an Ogre Monk on Feb 4, 2022.
             Slain by an iguana (12 damage)
             ... on level 3 of the Dungeon.
             The game lasted 00:02:25 (2403 turns).

crazypyro the Cudgeller (Ogre Monk)                 Turns: 2403, Time: 00:02:26

Health: -1/48      AC:  3    Str: 17    XL:     4   Next: 98%
Magic:  4/4        EV: 10    Int: 11    God:
Gold:   78         SH:  0    Dex: 11    Spells: 3/3 levels left

rFire   . . .      SeeInvis .   a - +0 mace
rCold   . . .      Faith    .   (no shield)
rNeg    . . .      Spirit   .   b - +0 robe
rPois   .          Reflect  .   (helmet restricted)
rElec   .          Harm     .   (no cloak)
rCorr   .          Rampage  .   (gloves unavailable)
Will    .....                   (boots unavailable)
Stlth   ++........              (no amulet)
HPRegen 0.16/turn               (no ring)
MPRegen 0.09/turn               (no ring)

@: no status effects
A: large, unfitting armour, tough skin 1
a: no special abilities


You were on level 3 of the Dungeon.
You visited 1 branch of the dungeon, and saw 3 of its levels.

You collected 78 gold pieces.

Inventory:

Hand Weapons
 a - a +0 mace (weapon)
Armour
 b - a +0 robe (worn)
Scrolls
 d - 3 scrolls of holy word {unknown}
 e - 2 scrolls of teleportation {unknown}
 f - a scroll of magic mapping {unknown}
 h - a scroll of enchant armour {unknown}
Potions
 c - a potion of flight {unknown}


   Skills:
 - Level 4.0 Fighting
 * Level 4.2 Maces & Flails
 + Level 3.6 Dodging
 - Level 1.4 Stealth


You had 3 spell levels left.
You didn't know any spells.
Your spell library was empty.

Dungeon Overview and Level Annotations

Branches:
Dungeon (3/15)

Altars:


Innate Abilities, Weirdness & Mutations

You are too large for most types of armour.
You have tough skin. (AC +1)


Message History

Natasha claws you.
You hit Natasha.
Natasha is severely wounded.
Natasha closely misses you.
You closely miss Natasha.
Natasha is severely wounded.
Natasha barely misses you.
You sock Natasha!
You kill Natasha!
Natasha screams in fury as she dies!
No target in view!
A ball python and an iguana come into view.
The iguana hisses angrily.
A worm comes into view.
The iguana moves out of view.
There are monsters nearby!
Found a war axe.
A ball python comes into view.
The ball python hisses angrily.
You hit the iguana but do no damage. The iguana bites you!
The iguana misses you.
You hit the iguana but do no damage. The iguana bites you.
You hit the iguana but do no damage. Your punch misses the iguana.
The iguana bites you!
You are too injured to fight recklessly!
You hit the iguana but do no damage. The iguana barely misses you.
You hit the iguana.
The iguana is lightly wounded.
The iguana closely misses you.
You hit the iguana but do no damage.
The iguana is lightly wounded.
The iguana misses you. The iguana bites you.
You hit the iguana but do no damage.
The iguana is lightly wounded.
The iguana bites you!
* * * LOW HITPOINT WARNING * * *
You sock the iguana!
The iguana is heavily wounded.
The iguana bites you!
You die... ..# .......### .#.......... ...# .#...#.... .).. .# #.##.## #..# .# #.##.# ..# .# #.##.# Sw#

.# #.##.# #S# .#
#.##.# #l# #.##.#
#@#
.###.#..########.#
..|..............#
........#####.####
####....# #.#
####.#### #.#
.....# #.# ######
#.# #.#


You could see a worm, an iguana and 2 ball pythons.

Vanquished Creatures
  Natasha (D:3)
  2 adders
  3 dart slugs
  4 orcs (D:3)
  9 ball pythons
  3 endoplasms
  A giant cockroach (D:1)
  7 hobgoblins
  6 jackals (D:1)
  2 quokkas
  3 bats (D:1)
  6 frilled lizards
  3 goblins
  5 kobolds (D:1)
  3 rats
58 creatures vanquished.

Notes
Turn   | Place    | Note
-------+----------+-------------------------------------------
     0 | D:1      | crazypyro the Ogre Monk began the quest for the Orb.
     0 | D:1      | Reached XP level 1. HP: 24/24 MP: 1/1
   280 | D:1      | Reached XP level 2. HP: 32/32 MP: 2/2
   676 | D:1      | Reached XP level 3. HP: 39/39 MP: 3/3
  1314 | D:2      | Reached XP level 4. HP: 13/48 MP: 4/4
  1590 | D:3      | HP: 1/48 [orc (4)]
  2251 | D:3      | Noticed Natasha
  2260 | D:3      | Killed Natasha
  2403 | D:3      | Slain by an iguana

Illustrated notes

Levels and vault maps discovered:
D:1:      dpeg_arrival_morbid_curiosity, layout_loops_ring, minmay_domino_2
D:2:      layout_rooms, chequers_serial_rivers_room_a
D:3:      layout_loops_ring, serial_shops, nicolae_lakefront_shop, uniq_natasha

Skill      XL: |  1  2  3  4 |
---------------+-------------+-----
Maces & Flails | 3 4 |  4.2
Dodging        | 3 |  3.6
Fighting       | |  4.0
Stealth        | |  1.4

Action                   |  1- 3 |  4- 6 || total
-------------------------+-------+-------++-------
Melee: Mace              |   112 |    71 ||   183
  Use: Potion            |     1 |     3 ||     4
 Stab: Sleeping          |     3 |     2 ||     5
Armor: Robe              |    41 |    11 ||    52
Dodge: Dodged            |    66 |    42 ||   108
